[Event "European Womens-ch 2025"]
[Site "Rhodes"]
[Date "2025.04.02"]
[Round "3.1"]
[White "Khotenashvili, Bella"]
[Black "Brunello, Marina"]
[Result "1/2-1/2"]
[Annotator "RC"]
[ECO "E17"]
[WhiteElo "2418"]
[BlackElo "2330"]
[PlyCount "61"]
[EventDate "2025.03.29"]
[EventType "swiss"]
[EventCountry "GRE"]
[SourceTitle "playchess.com"]
[Source "ChessBase"]
[SourceQuality "1"]
[TimeControl "40/5400+30:1800+30"]

1. Nf3 Nf6 2. c4 b6 3. d4 e6 4. g3 Bb7 5. Bg2 Be7 6. O-O O-O 7. h4 Na6 8. Nc3 d5 9. cxd5 exd5 10. Bf4 c5 11. Rc1 Nc7 12. dxc5 Ne6 13. c6 Bxc6 14. Be5 Bb7 15. Qc2 Rc8 16. Rcd1 Rc5 17. Ng5 h6 18. Nxe6 fxe6 19. Bh3 Qc8 20. Qg6 Qc6 21. Kh2 Rc4 22. f3 Bc8 23. Qd3 Nd7 24. Bd4 Bf6 25. Bxf6 Nxf6 26. Qe3 Re8 27. Qe5 Nd7 28. Qh5 Nf6 29. Qe5 Nd7 30. Qh5 Nf6 31. Qe5 1/2-1/2

[Event "European Womens-ch 2025"]
[Site "Rhodes"]
[Date "2025.04.02"]
[Round "3.2"]
[White "Beydullayeva, Govhar"]
[Black "Radeva, Viktoria"]
[Result "1/2-1/2"]
[Annotator "RC"]
[ECO "D38"]
[WhiteElo "2400"]
[BlackElo "2297"]
[PlyCount "49"]
[EventDate "2025.03.29"]
[EventType "swiss"]
[EventCountry "GRE"]
[SourceTitle "playchess.com"]
[Source "ChessBase"]
[SourceQuality "1"]
[TimeControl "40/5400+30:1800+30"]

1. d4 d5 2. c4 e6 3. Nf3 Nf6 4. Nc3 Bb4 5. cxd5 exd5 6. Bg5 h6 7. Bh4 g5 8. Bg3 Ne4 9. Nd2 Nxg3 10. hxg3 Nc6 11. e3 Bf5 12. Be2 Qd7 13. a3 Bxc3 14. bxc3 Na5 15. c4 Nxc4 16. Nxc4 dxc4 17. Bxc4 O-O-O 18. Qb3 Be6 19. Rc1 Bxc4 20. Rxc4 h5 21. O-O Kb8 22. Rb1 b6 23. Qb5 Qxb5 24. Rxb5 f6 25. Kf1 1/2-1/2

[Event "European Womens-ch 2025"]
[Site "Rhodes"]
[Date "2025.04.02"]
[Round "3.3"]
[White "Unuk, Laura"]
[Black "Danielian, Elina"]
[Result "1/2-1/2"]
[Annotator "RC"]
[ECO "A46"]
[WhiteElo "2301"]
[BlackElo "2398"]
[PlyCount "89"]
[EventDate "2025.03.29"]
[EventType "swiss"]
[EventCountry "GRE"]
[SourceTitle "playchess.com"]
[Source "ChessBase"]
[SourceQuality "1"]
[TimeControl "40/5400+30:1800+30"]

1. d4 Nf6 2. Nf3 e6 3. g3 b5 4. a4 b4 5. Bg2 Bb7 6. c4 bxc3 7. Nxc3 c5 8. O-O cxd4 9. Nb5 a6 10. Nbxd4 Be7 11. a5 O-O 12. Qa4 h6 13. Be3 Be4 14. Rfc1 Nc6 15. Nb3 Qb8 16. Bb6 Rc8 17. Nbd2 Bh7 18. e4 Qb7 19. Rc3 Nb4 20. Rb3 Nc2 21. Bc5 Qc6 22. Bxe7 Nxa1 23. Qxa1 Nxe4 24. Nxe4 Bxe4 25. Ba3 Qd5 26. Re3 Rab8 27. Qe1 f5 28. Nh4 Bxg2 29. Nxg2 Rc2 30. h4 Rbc8 31. Kh2 Qb5 32. Re5 Qb7 33. Qe3 Rc1 34. h5 Rd1 35. Rc5 Rxc5 36. Qxc5 d6 37. Qc4 Kf7 38. Qe2 Qd5 39. Bb4 Kg8 40. Bc3 e5 41. Qxa6 Qf3 42. Qc8+ Kh7 43. Qe8 Qxf2 44. Qg6+ Kh8 45. Qe8+ 1/2-1/2

[Event "European Womens-ch 2025"]
[Site "Rhodes"]
[Date "2025.04.02"]
[Round "3.4"]
[White "Heinemann, Josefine"]
[Black "Narva, Mai"]
[Result "0-1"]
[Annotator "RC"]
[ECO "B52"]
[WhiteElo "2297"]
[BlackElo "2380"]
[PlyCount "114"]
[EventDate "2025.03.29"]
[EventType "swiss"]
[EventCountry "GRE"]
[SourceTitle "playchess.com"]
[Source "ChessBase"]
[SourceQuality "1"]
[TimeControl "40/5400+30:1800+30"]

1. e4 c5 2. Nf3 d6 3. Bb5+ Bd7 4. Bxd7+ Nxd7 5. O-O Ngf6 6. Qe2 e6 7. d4 cxd4 8. Nxd4 a6 9. c4 Qa5 10. Rd1 Rc8 11. b3 Be7 12. Bb2 O-O 13. Nc3 Rfe8 14. Rac1 Qg5 15. Rc2 Bf8 16. Bc1 Qg6 17. f3 h5 18. Qf2 d5 19. cxd5 exd5 20. Nxd5 Nxd5 21. Rxc8 Rxc8 22. exd5 Nb6 23. Bb2 Nxd5 24. Qg3 Qf6 25. h4 Bc5 26. Kh1 Nb6 27. Qg5 Qxg5 28. hxg5 Rd8 29. Rd2 g6 30. Bc3 Nd5 31. Ne2 Be3 32. Bf6 Bxd2 33. Bxd8 Be1 34. Nc1 Nf4 35. a3 Bd2 36. Na2 Ne6 37. Bb6 Nxg5 38. Kg1 Kf8 39. Kf2 h4 40. Ke2 Bf4 41. Nc3 Bd6 42. Bf2 Bxa3 43. Bxh4 Ne6 44. Nb1 Bb4 45. Bf2 Nf4+ 46. Kf1 Ke7 47. g3 Nd3 48. Be3 Kd6 49. Ke2 Nc5 50. Bxc5+ Kxc5 51. Kd3 Kd5 52. g4 g5 53. Ke3 Ke5 54. Kd3 b5 55. Ke3 a5 56. Kd3 Kf4 57. Ke2 a4 0-1

[Event "European Womens-ch 2025"]
[Site "Rhodes"]
[Date "2025.04.02"]
[Round "3.5"]
[White "Socko, Monika"]
[Black "Urh, Zala"]
[Result "1/2-1/2"]
[Annotator "RC"]
[ECO "A16"]
[WhiteElo "2369"]
[BlackElo "2244"]
[PlyCount "101"]
[EventDate "2025.03.29"]
[EventType "swiss"]
[EventCountry "GRE"]
[SourceTitle "playchess.com"]
[Source "ChessBase"]
[SourceQuality "1"]
[TimeControl "40/5400+30:1800+30"]

1. c4 Nf6 2. Nc3 g6 3. e4 e5 4. Nf3 Bg7 5. Be2 O-O 6. O-O Re8 7. d3 c6 8. Re1 d5 9. exd5 cxd5 10. Bg5 dxc4 11. dxc4 Qxd1 12. Bxd1 Be6 13. Nxe5 Nbd7 14. Nxd7 Nxd7 15. Ba4 h6 16. Bf4 Red8 17. Bc7 Rdc8 18. Bxd7 Bxd7 19. Nd5 Kh8 20. Re7 Be6 21. Re1 Bxb2 22. Rb1 Ba3 23. Be5+ Kg8 24. Rexb7 Rxc4 25. Nc7 Rc8 26. h3 Bf5 27. R1b3 Bc5 28. Nd5 Kf8 29. Rb8 Rc1+ 30. Kh2 Bxf2 31. Bf4 Rxb8 32. Rxb8+ Rc8 33. Bxh6+ Ke8 34. Rb7 Bd4 35. Re7+ Kd8 36. Rxf7 Rc5 37. Bg5+ Ke8 38. Re7+ Kf8 39. Bh6+ Kg8 40. Ne3 Be5+ 41. Kg1 Bd4 42. g4 Bb1 43. Rd7 Rc1+ 44. Kf2 Rc2+ 45. Kf3 Bxe3 46. Bxe3 a5 47. a4 Rc4 48. Rd4 Rxd4 49. Bxd4 Bc2 50. Bc3 Bxa4 51. Bxa5 1/2-1/2

[Event "European Womens-ch 2025"]
[Site "Rhodes"]
[Date "2025.04.02"]
[Round "3.6"]
[White "Yao, Lan"]
[Black "Roebers, Eline"]
[Result "0-1"]
[Annotator "RC"]
[ECO "C02"]
[WhiteElo "2294"]
[BlackElo "2367"]
[PlyCount "102"]
[EventDate "2025.03.29"]
[EventType "swiss"]
[EventCountry "GRE"]
[SourceTitle "playchess.com"]
[Source "ChessBase"]
[SourceQuality "1"]
[TimeControl "40/5400+30:1800+30"]

1. e4 e6 2. d4 d5 3. e5 c5 4. c3 Nc6 5. Nf3 Qb6 6. a3 Nh6 7. b4 cxd4 8. cxd4 Nf5 9. Be3 f6 10. Bd3 Nxe3 11. fxe3 fxe5 12. b5 Nxd4 13. exd4 e4 14. Bxe4 dxe4 15. Ne5 Bd7 16. Nc3 Qa5 17. O-O Qxc3 18. Rc1 Qxa3 19. Qh5+ g6 20. Nxg6 hxg6 21. Qxg6+ Kd8 22. Qf6+ Be7 23. Qxh8+ Be8 24. Qe5 Qd6 25. Qxe4 Bxb5 26. Rfe1 Bc6 27. Qxe6 Qxe6 28. Rxe6 Kd7 29. Rg6 Rh8 30. Re1 Bd6 31. Rg7+ Kd8 32. g3 a5 33. h4 a4 34. d5 Bd7 35. Rg6 Bc5+ 36. Kg2 a3 37. Re2 Re8 38. Rd2 Bf5 39. Rg7 Be3 40. Ra2 Bc1 41. Rxb7 Be4+ 42. Kh3 Bxd5 43. Rb1 Bxa2 44. Rxc1 Re2 45. h5 Be6+ 46. Kh4 Ke7 47. Kg5 Rg2 48. Kf4 Kf6 49. Rh1 a2 50. h6 Rh2 51. Rf1 Rf2+ 0-1

[Event "European Womens-ch 2025"]
[Site "Rhodes"]
[Date "2025.04.02"]
[Round "3.7"]
[White "Bulmaga, Irina"]
[Black "Zherebtsova, Alexandra"]
[Result "1/2-1/2"]
[Annotator "RC"]
[ECO "C90"]
[WhiteElo "2362"]
[BlackElo "2229"]
[PlyCount "154"]
[EventDate "2025.03.29"]
[EventType "swiss"]
[EventCountry "GRE"]
[SourceTitle "playchess.com"]
[Source "ChessBase"]
[SourceQuality "1"]
[TimeControl "40/5400+30:1800+30"]

1. e4 e5 2. Nf3 Nc6 3. Bb5 a6 4. Ba4 Nf6 5. O-O Be7 6. Re1 b5 7. Bb3 d6 8. a4 Bd7 9. Nc3 Na5 10. Ba2 c5 11. Nd5 O-O 12. b4 cxb4 13. axb5 b3 14. Bxb3 Nxb3 15. Nxe7+ Qxe7 16. cxb3 Bxb5 17. d4 Qb7 18. dxe5 dxe5 19. Nxe5 Nxe4 20. Qf3 Nc5 21. Qe3 Ne6 22. Bb2 Rad8 23. Ng4 Qd5 24. h4 Qf5 25. Qg3 Qf4 26. Re3 Qxg3 27. Rxg3 Rd3 28. Nf6+ Kh8 29. Rxd3 Bxd3 30. Nd7 Rc8 31. Ne5 Bb5 32. Nxf7+ Kg8 33. Nd6 Rc2 34. Be5 Be2 35. Ra4 h5 36. Rb4 Rc5 37. Re4 Bd3 38. Re3 Rd5 39. Bg3 Nc5 40. Re8+ Kh7 41. b4 Nd7 42. Re7 Nf6 43. f3 a5 44. bxa5 Rxa5 45. Be5 Kg8 46. Bxf6 gxf6 47. Rd7 Bg6 48. Kh2 Kf8 49. Rc7 Ra4 50. Kg3 Ra3 51. Nb7 Ra7 52. Nc5 Rxc7 53. Ne6+ Ke7 54. Nxc7 Kd6 55. Nb5+ Ke5 56. Nc3 Kd4 57. Ne2+ Ke3 58. Nf4 Bf7 59. Nh3 Be6 60. Kh2 Bd7 61. Kg3 Be6 62. Nf2 Bd5 63. Nd1+ Kd2 64. Nb2 Bb3 65. Kf4 Kc3 66. Kf5 Kxb2 67. Kxf6 Kc3 68. g4 Kd4 69. Kg5 hxg4 70. fxg4 Ke5 71. Kg6 Bc2+ 72. Kh6 Kf6 73. h5 Kf7 74. g5 Kg8 75. g6 Bd3 76. Kg5 Bc2 77. h6 Bxg6 1/2-1/2

[Event "European Womens-ch 2025"]
[Site "Rhodes"]
[Date "2025.04.02"]
[Round "3.8"]
[White "Kirtadze, Anastasia"]
[Black "Javakhishvili, Lela"]
[Result "1-0"]
[Annotator "RC"]
[ECO "B32"]
[WhiteElo "2180"]
[BlackElo "2429"]
[PlyCount "61"]
[EventDate "2025.03.29"]
[EventType "swiss"]
[EventCountry "GRE"]
[SourceTitle "playchess.com"]
[Source "ChessBase"]
[SourceQuality "1"]
[TimeControl "40/5400+30:1800+30"]

1. e4 c5 2. Nf3 Nc6 3. d4 cxd4 4. Nxd4 e5 5. Nb5 d6 6. N1c3 a6 7. Na3 Be6 8. Bc4 b5 9. Bd5 Rc8 10. Bxc6+ Rxc6 11. Nd5 Nf6 12. Bg5 Bxd5 13. exd5 Rc5 14. Bxf6 Qxf6 15. c4 e4 16. Qb3 Be7 17. cxb5 Qg5 18. bxa6 O-O 19. O-O Qxd5 20. Qxd5 Rxd5 21. b4 Rd4 22. Rab1 d5 23. Rfd1 Rxb4 24. Rxb4 Bxb4 25. Nb5 f5 26. a7 Ba5 27. Rxd5 f4 28. Kf1 Rc8 29. Rc5 Rd8 30. Nd6 Bb6 31. Rc8 1-0

[Event "European Womens-ch 2025"]
[Site "Rhodes"]
[Date "2025.04.02"]
[Round "3.9"]
[White "Batsiashvili, Nino"]
[Black "Avramidou, Anastasia"]
[Result "1-0"]
[Annotator "TA"]
[ECO "E62"]
[WhiteElo "2473"]
[BlackElo "2275"]
[PlyCount "129"]
[EventDate "2025.03.29"]
[EventType "swiss"]
[EventCountry "GRE"]
[SourceTitle "playchess.com"]
[Source "ChessBase"]
[SourceQuality "1"]
[TimeControl "40/5400+30:1800+30"]

1. c4 Nf6 2. g3 g6 3. Bg2 Bg7 4. Nc3 O-O 5. d4 d6 6. h3 Nc6 7. Nf3 e5 8. Be3 {[%emt 0:01:06] E62: King's Indian: Fianchetto: 6...c6 and Panno Variation (6...Nc6) without ...a6.} exd4 9. Nxd4 Nxd4 10. Bxd4 {[%emt 0:00:10] The position is equal.} Re8 11. O-O Be6 12. b3 (12. Bxb7 {keeps more tension.} Bxh3 13. Bxf6 Bxf6 14. Bxa8 Qxa8 15. Nd5) 12... c5 $146 (12... Qd7 13. Kh2 c5 14. Bxf6 Bxf6 15. Rc1 Rad8 16. Qd2 a6 17. Rfd1 b5 18. Nd5 Bxd5 19. Bxd5 {½-½ Pahl,T (2108)-Schumann,S (1981) Leer op 2024 (4)}) 13. Bxf6 Bxf6 14. Qd2 Bxc3 15. Qxc3 Qd7 16. Kh2 Rad8 17. Rfd1 b5 18. cxb5 Qxb5 19. e3 a5 20. Rd2 Qb4 (20... a4 $11) 21. Qxb4 axb4 22. Rad1 Re7 $1 23. Rxd6 Rxd6 24. Rxd6 $11 {[%emt 0:00:01][%mdl 4096] Endgame KRB-KRB. White is a pawn up.} Ra7 25. Rd2 c4 26. bxc4 Bxc4 27. Rd4 Bxa2 (27... Be6 $1 $14) 28. Rxb4 $16 h5 29. g4 (29. Rb8+ $16 Kg7 30. Ra8 Rxa8 31. Bxa8) 29... hxg4 30. hxg4 Be6 31. Kg3 Kg7 32. Be4 Ra3 33. Kf4 Ra2 34. f3 Kf6 35. g5+ Kg7 36. Rd4 Ra5 37. Rb4 (37. Rd6 $1 $16) 37... Rc5 (37... Ra2 $1 $11) 38. Bd3 Rd5 39. Bb1 Rc5 40. Rd4 (40. Rb7 $16) 40... Ra5 (40... f6 $14) 41. e4 (41. Rd6 $1 $16) 41... Rc5 ({Black should play} 41... f6 $1 $14) 42. Bd3 (42. Ra4 $142) 42... Ra5 (42... f6 $142) 43. Rd6 Kf8 44. Rb6 Rc5 45. Ba6 Kg7 46. Bb7 Kf8 47. Bc6 Kg7 48. Ba8 Kf8 49. Rd6 Ke7 50. Ra6 Kf8 51. Bb7 Kg7 52. Rd6 Kf8 53. Bd5 Bxd5 54. exd5 {[%emt 0:00:29] KR-KR. White is a pawn up.} ({White should play} 54. Rxd5 $16 Rc8 55. Kg4) 54... Ke7 $11 55. Ke5 Rc3 (55... Rc1 $11 56. Ra6 Re1+ 57. Kf4 Rg1) 56. Rf6 $18 Rd3 {[%emt 0:00:32] [#]} 57. Ke4 $2 ({Don't do} 57. d6+ $6 Kf8 $16) (57. Rf4 $1 $18) 57... Rd1 $11 58. Ra6 {[%emt 0:05:38] Hoping for Ra7+.} Re1+ 59. Kf4 Re2 60. Ra7+ Ke8 61. d6 Re6 62. Ra8+ Kd7 63. Rf8 Kxd6 64. Rxf7 Re7 $2 {[%emt 0:00:30][%mdl 8192] [#]} (64... Kc6 $11) 65. Rxe7 $1 {[%emt 0:00:17] Weighted Error Value: White=0.19 (very precise) /Black=0.35  Loses game:     	---       	Black=2      Missed win:     	White=1     	---        Mistake:       	White=6     	Black=6      Inaccurate:     	White=1     	Black=6      OK:         	White=22    	Black=19     Best:        	White=3     	Black=2      Strong:       	White=1     	Black=1} 1-0

[Event "European Womens-ch 2025"]
[Site "Rhodes"]
[Date "2025.04.02"]
[Round "3.10"]
[White "Arabidze, Meri"]
[Black "Mkrtchyan, Mariam"]
[Result "1/2-1/2"]
[Annotator "RC"]
[ECO "D78"]
[WhiteElo "2447"]
[BlackElo "2282"]
[PlyCount "52"]
[EventDate "2025.03.29"]
[EventType "swiss"]
[EventCountry "GRE"]
[SourceTitle "playchess.com"]
[Source "ChessBase"]
[SourceQuality "1"]
[TimeControl "40/5400+30:1800+30"]

1. d4 d5 2. c4 c6 3. Nf3 Nf6 4. g3 g6 5. Bg2 Bg7 6. O-O O-O 7. a4 Bf5 8. Nc3 dxc4 9. a5 Na6 10. Qa4 Be6 11. e4 Qc8 12. Ng5 b5 13. axb6 axb6 14. Nxe6 b5 15. Qd1 Qxe6 16. d5 cxd5 17. exd5 Qb6 18. Qe2 Nc5 19. Rxa8 Rxa8 20. d6 Re8 21. dxe7 Ne6 22. Qe5 b4 23. Nd5 Nxd5 24. Qxd5 Qc7 25. Qb5 Rxe7 26. Qxb4 c3 1/2-1/2

[Event "European Womens-ch 2025"]
[Site "Rhodes"]
[Date "2025.04.02"]
[Round "3.11"]
[White "Sieber, Fiona"]
[Black "Tsolakidou, Stavroula"]
[Result "1/2-1/2"]
[Annotator "RC"]
[ECO "B48"]
[WhiteElo "2276"]
[BlackElo "2445"]
[PlyCount "76"]
[EventDate "2025.03.29"]
[EventType "swiss"]
[EventCountry "GRE"]
[SourceTitle "playchess.com"]
[Source "ChessBase"]
[SourceQuality "1"]
[TimeControl "40/5400+30:1800+30"]

1. e4 c5 2. Nf3 e6 3. d4 cxd4 4. Nxd4 Nc6 5. Nc3 Qc7 6. Be3 a6 7. g4 h6 8. Qd2 Nf6 9. Nxc6 dxc6 10. f3 e5 11. Bc4 b5 12. Bb3 Nd7 13. a4 Rb8 14. Qf2 Bb4 15. O-O Nf8 16. axb5 axb5 17. f4 Ne6 18. Bxe6 Bxe6 19. f5 Bc4 20. Ne2 f6 21. Ra7 Rb7 22. Ra8+ Rb8 23. Ra7 Rb7 24. Rfa1 Rxa7 25. Rxa7 Qd8 26. b3 Qd1+ 27. Qf1 Bxe2 28. Qxd1 Bxd1 29. Ra8+ Kf7 30. Rxh8 Bxc2 31. Rc8 Bxe4 32. Rc7+ Kg8 33. Kf2 Bd6 34. Rd7 Bf8 35. Rc7 Bd5 36. Rc8 Kf7 37. Rc7+ Kg8 38. Rc8 Kf7 1/2-1/2

[Event "European Womens-ch 2025"]
[Site "Rhodes"]
[Date "2025.04.02"]
[Round "3.12"]
[White "Wagner, Dinara"]
[Black "Allahverdiyeva, Ayan"]
[Result "1/2-1/2"]
[Annotator "RC"]
[ECO "E32"]
[WhiteElo "2440"]
[BlackElo "2266"]
[PlyCount "85"]
[EventDate "2025.03.29"]
[EventType "swiss"]
[EventCountry "GRE"]
[SourceTitle "playchess.com"]
[Source "ChessBase"]
[SourceQuality "1"]
[TimeControl "40/5400+30:1800+30"]

1. d4 Nf6 2. c4 e6 3. Nc3 Bb4 4. Qc2 d6 5. e3 Nbd7 6. Bd3 d5 7. Nge2 c6 8. O-O O-O 9. Bd2 Bd6 10. cxd5 exd5 11. f3 c5 12. Nb5 Be7 13. dxc5 Bxc5 14. Nbd4 Re8 15. Kh1 a6 16. Ng3 Bxd4 17. exd4 Nf8 18. Qb3 Re6 19. Ne2 Qb6 20. Qa3 a5 21. Rac1 Re8 22. Rc5 Bf5 23. Rb5 Qa6 24. Nf4 Bxd3 25. Qxd3 b6 26. Rb3 Ne6 27. Qxa6 Rxa6 28. Nxe6 Rxe6 29. Re1 Rxe1+ 30. Bxe1 Kf8 31. Bg3 a4 32. Rb5 Ke7 33. Bc7 Kd7 34. Rxb6 Rxb6 35. Bxb6 Kc6 36. Bc5 Kb5 37. b3 axb3 38. axb3 Nd7 39. Bd6 Kc6 40. Ba3 Kb5 41. Bd6 Kc6 42. Ba3 Kb5 43. Bd6 1/2-1/2

[Event "European Womens-ch 2025"]
[Site "Rhodes"]
[Date "2025.04.02"]
[Round "3.13"]
[White "Ushenina, Anna"]
[Black "Krasteva, Beloslava"]
[Result "1/2-1/2"]
[Annotator "RC"]
[ECO "E61"]
[WhiteElo "2428"]
[BlackElo "2257"]
[PlyCount "75"]
[EventDate "2025.03.29"]
[EventType "swiss"]
[EventCountry "GRE"]
[SourceTitle "playchess.com"]
[Source "ChessBase"]
[SourceQuality "1"]
[TimeControl "40/5400+30:1800+30"]

1. d4 d6 2. Nf3 Nf6 3. c4 g6 4. Nc3 Bf5 5. Qb3 b6 6. c5 Bg7 7. cxd6 exd6 8. g3 O-O 9. Bg2 c6 10. O-O Ne4 11. Rd1 Nxc3 12. Qxc3 Be4 13. Bg5 Qc7 14. Qe3 Bd5 15. Bh6 Nd7 16. Bxg7 Kxg7 17. Qc3 Nf6 18. b3 Rfe8 19. Qb2 a5 20. Rac1 a4 21. Ne1 axb3 22. axb3 Bxg2 23. Nxg2 d5 24. Rc2 Qd7 25. Qc1 Rac8 26. Nf4 Ne4 27. Nd3 f6 28. Nb4 Re6 29. Qf4 Ng5 30. Qc1 h5 31. h4 Nf7 32. Kg2 Nh6 33. Qd2 Nf5 34. Rdc1 Rd6 35. Qf4 Re6 36. Qd2 Rd6 37. Qf4 Re6 38. Qd2 1/2-1/2

[Event "European Womens-ch 2025"]
[Site "Rhodes"]
[Date "2025.04.02"]
[Round "3.14"]
[White "Jarocka, Liwia"]
[Black "Stefanova, Antoaneta"]
[Result "1/2-1/2"]
[Annotator "RC"]
[ECO "C41"]
[WhiteElo "2231"]
[BlackElo "2426"]
[PlyCount "103"]
[EventDate "2025.03.29"]
[EventType "swiss"]
[EventCountry "GRE"]
[SourceTitle "playchess.com"]
[Source "ChessBase"]
[SourceQuality "1"]
[TimeControl "40/5400+30:1800+30"]

1. e4 d6 2. d4 Nf6 3. Nc3 e5 4. Nf3 Nbd7 5. g4 Nxg4 6. Rg1 Ngf6 7. Bc4 exd4 8. Qxd4 Nb6 9. Bb3 c5 10. Qd3 Be6 11. Bxe6 fxe6 12. e5 dxe5 13. Qb5+ Nfd7 14. Nxe5 a6 15. Qe2 Nxe5 16. Qxe5 Qd6 17. Qxd6 Bxd6 18. Rxg7 O-O-O 19. Ke2 Bxh2 20. Ne4 Be5 21. Rg5 Rd5 22. f4 Bb8 23. Nxc5 e5 24. Nd3 exf4 25. Rxd5 Nxd5 26. Bd2 Rg8 27. Kf3 Rg3+ 28. Ke4 Rg2 29. Be1 Nb6 30. Bf2 Nc4 31. Rh1 Rg7 32. Rh5 Re7+ 33. Kf5 b5 34. Kf6 Re2 35. Rxh7 Bc7 36. b3 Nb2 37. Rh8+ Kb7 38. Nc5+ Kc6 39. Bd4 Rxc2 40. Nxa6 Kb7 41. Nxc7 Kxc7 42. Be5+ Kb7 43. Bxf4 Nd3 44. Rh7+ Kc8 45. Rh2 Rxh2 46. Bxh2 Nc1 47. Bf4 Nxa2 48. Bd2 Kd7 49. Ke5 Kc6 50. Kd4 Kd6 51. Bf4+ Kc6 52. Bd2 1/2-1/2

[Event "European Womens-ch 2025"]
[Site "Rhodes"]
[Date "2025.04.02"]
[Round "3.15"]
[White "Sandu, Mihaela"]
[Black "Mkrtchian, Lilit"]
[Result "0-1"]
[Annotator "RC"]
[ECO "B12"]
[WhiteElo "2230"]
[BlackElo "2388"]
[PlyCount "66"]
[EventDate "2025.03.29"]
[EventType "swiss"]
[EventCountry "GRE"]
[SourceTitle "playchess.com"]
[Source "ChessBase"]
[SourceQuality "1"]
[TimeControl "40/5400+30:1800+30"]

1. e4 c6 2. d4 d5 3. e5 c5 4. dxc5 e6 5. Nf3 Bxc5 6. a3 f6 7. b4 Be7 8. Bb2 Nc6 9. Bd3 Nh6 10. Nbd2 Nf7 11. exf6 Bxf6 12. Bxf6 Qxf6 13. c4 Nfe5 14. Be2 Nxf3+ 15. Nxf3 Qc3+ 16. Nd2 O-O 17. O-O Nd4 18. Bg4 e5 19. Bxc8 Raxc8 20. cxd5 Qd3 21. Kh1 Rc2 22. Qh5 Rxd2 23. Qxe5 Nf5 24. Rae1 Qxd5 25. Qc7 h6 26. Kg1 Rd4 27. h3 Rc4 28. Qh2 Qd6 29. Qxd6 Nxd6 30. Re5 Rd4 31. Rc1 Rf7 32. Rc3 Rd1+ 33. Kh2 Rxf2 0-1

[Event "European Womens-ch 2025"]
[Site "Rhodes"]
[Date "2025.04.02"]
[Round "3.16"]
[White "Vega Gutierrez, Sabrina"]
[Black "Calzetta Ruiz, Monica"]
[Result "0-1"]
[Annotator "RC"]
[ECO "B76"]
[WhiteElo "2380"]
[BlackElo "2230"]
[PlyCount "138"]
[EventDate "2025.03.29"]
[EventType "swiss"]
[EventCountry "GRE"]
[SourceTitle "playchess.com"]
[Source "ChessBase"]
[SourceQuality "1"]
[TimeControl "40/5400+30:1800+30"]

1. e4 c5 2. Nf3 d6 3. d4 cxd4 4. Nxd4 Nf6 5. Nc3 g6 6. Be3 Nc6 7. f3 Bg7 8. Qd2 O-O 9. g4 Be6 10. Nxe6 fxe6 11. O-O-O Qc8 12. Be2 Ne5 13. Bd4 Nc6 14. Bg1 a6 15. h4 b5 16. h5 Ne5 17. hxg6 hxg6 18. Qg5 b4 19. Na4 Qc6 20. b3 Rac8 21. Rd2 Nxe4 22. fxe4 Qxe4 23. Qh4 g5 24. Qh3 Rf6 25. Rh2 Nf3 26. Qg3 Nxd2 27. Bd3 Nf1 28. Bxe4 Nxg3 29. Bd3 Rf4 30. Rg2 Nf1 31. Kd1 Rcf8 32. Ke1 a5 33. Bb6 d5 34. Ke2 Bd4 35. Bxd4 Rxd4 36. Nc5 Rf6 37. Nd7 Rff4 38. Ne5 Rde4+ 39. Bxe4 Rxe4+ 40. Kxf1 Rxe5 41. Kf2 Re4 42. Kf3 Rf4+ 43. Kg3 Kg7 44. Rh2 Re4 45. Kf3 Re1 46. Rh5 Re5 47. Kf2 d4 48. Kf1 Kg6 49. Rh8 Re4 50. Rg8+ Kf6 51. Ra8 Re5 52. Rf8+ Kg7 53. Rc8 Rd5 54. Ke2 Kf6 55. Rg8 Rc5 56. Kd3 Rc3+ 57. Kd2 Rg3 58. Ra8 Rxg4 59. Rxa5 Rg2+ 60. Kd3 g4 61. a3 bxa3 62. Rxa3 e5 63. Ra1 Rg3+ 64. Ke4 Re3+ 65. Kd5 e6+ 66. Kd6 d3 67. c4 d2 68. Rd1 Rd3+ 69. Kc5 e4 0-1

[Event "European Womens-ch 2025"]
[Site "Rhodes"]
[Date "2025.04.02"]
[Round "3.17"]
[White "Lach, Aleksandra"]
[Black "Maltsevskaya, Aleksandra"]
[Result "0-1"]
[Annotator "RC"]
[ECO "A50"]
[WhiteElo "2208"]
[BlackElo "2376"]
[PlyCount "80"]
[EventDate "2025.03.29"]
[EventType "swiss"]
[EventCountry "GRE"]
[SourceTitle "playchess.com"]
[Source "ChessBase"]
[SourceQuality "1"]
[TimeControl "40/5400+30:1800+30"]

1. d4 Nf6 2. Nf3 b6 3. g3 Bb7 4. Bg2 g6 5. O-O Bg7 6. c4 O-O 7. d5 Ne4 8. Qc2 f5 9. Ng5 Nd6 10. Bf4 h6 11. Nf3 Nf7 12. Nc3 e5 13. dxe6 dxe6 14. Rfd1 Qc8 15. e4 g5 16. Be3 Nc6 17. exf5 Nfe5 18. Nxe5 Nxe5 19. f6 Bxf6 20. Bd4 Bxg2 21. Kxg2 Qe8 22. Qe4 Nd7 23. Nb5 Bxd4 24. Nxd4 Nc5 25. Qe3 e5 26. Nf3 e4 27. Ne1 a5 28. Rd5 Qh5 29. h4 Rf7 30. hxg5 Raf8 31. Rd2 hxg5 32. g4 Qh6 33. Qg3 Ne6 34. Kf1 Nf4 35. f3 Qh1+ 36. Kf2 exf3 37. Nc2 Qh7 38. Rad1 Re7 39. Nd4 Ne2 40. Nf5 Nxg3 0-1

[Event "European Womens-ch 2025"]
[Site "Rhodes"]
[Date "2025.04.02"]
[Round "3.18"]
[White "Dwilewicz, Katarzyna"]
[Black "Milliet, Sophie"]
[Result "1/2-1/2"]
[Annotator "RC"]
[ECO "B28"]
[WhiteElo "2203"]
[BlackElo "2371"]
[PlyCount "68"]
[EventDate "2025.03.29"]
[EventType "swiss"]
[EventCountry "GRE"]
[SourceTitle "playchess.com"]
[Source "ChessBase"]
[SourceQuality "1"]
[TimeControl "40/5400+30:1800+30"]

1. e4 c5 2. Nf3 a6 3. g3 Nc6 4. Bg2 e5 5. O-O g6 6. c3 Bg7 7. Na3 d6 8. Nc2 Nge7 9. d4 cxd4 10. cxd4 Bg4 11. d5 Na7 12. Ne3 Bd7 13. Qb3 O-O 14. Bd2 b5 15. Qa3 Qb8 16. Rac1 Nac8 17. Ba5 Ra7 18. Rfe1 Bh6 19. Rc3 f5 20. exf5 Nxf5 21. Nxf5 gxf5 22. Qb3 Nb6 23. Bxb6 Qxb6 24. Qd1 f4 25. Qe2 b4 26. Rc2 fxg3 27. hxg3 Qb5 28. Qxb5 axb5 29. Nh4 Rc8 30. Rxc8+ Bxc8 31. Re4 Rxa2 32. Rxb4 Bd7 33. Bf1 Ra8 34. Bd3 Rf8 1/2-1/2

[Event "European Womens-ch 2025"]
[Site "Rhodes"]
[Date "2025.04.02"]
[Round "3.19"]
[White "Korenova, Martina"]
[Black "Kiolbasa, Oliwia"]
[Result "1/2-1/2"]
[Annotator "RC"]
[ECO "C68"]
[WhiteElo "2045"]
[BlackElo "2360"]
[PlyCount "127"]
[EventDate "2025.03.29"]
[EventType "swiss"]
[EventCountry "GRE"]
[SourceTitle "playchess.com"]
[Source "ChessBase"]
[SourceQuality "1"]
[TimeControl "40/5400+30:1800+30"]

1. e4 e5 2. Nf3 Nc6 3. Bb5 a6 4. Bxc6 dxc6 5. O-O Ne7 6. d4 exd4 7. Qxd4 Qxd4 8. Nxd4 c5 9. Ne2 Bd7 10. Be3 Ng6 11. Nd2 O-O-O 12. Rad1 Re8 13. Nf4 Ne5 14. f3 Bc6 15. Rfe1 b6 16. b3 h5 17. Nf1 h4 18. c4 h3 19. Ng3 Be7 20. Nd5 Bd8 21. Bf4 Ng6 22. Bc1 Bxd5 23. Rxd5 Nh4 24. Red1 Bf6 25. Nf5 Nxg2 26. R5d3 g6 27. Ng3 Rd8 28. Rxd8+ Rxd8 29. Rxd8+ Kxd8 30. Kf2 Bd4+ 31. Ke2 Be5 32. Nf1 Kd7 33. Bd2 c6 34. Kf2 Kd6 35. Ng3 Bd4+ 36. Ke2 Ke5 37. Bc1 Bg1 38. Bb2+ Bd4 39. Bc1 Nf4+ 40. Kd2 Bg1 41. Bb2+ Kd6 42. Nf1 Ne6 43. e5+ Ke7 44. Kd3 Nd4 45. Ke4 Ke6 46. Bc1 b5 47. Bd2 Nf5 48. f4 f6 49. exf6 Nd6+ 50. Kd3 Kxf6 51. Be3 Bxe3 52. Nxe3 g5 53. fxg5+ Kxg5 54. Nd1 a5 55. Nf2 Kh4 56. Nd1 Nf5 57. Ke4 Nd4 58. Ne3 Ne2 59. cxb5 cxb5 60. Kd5 Nc3+ 61. Kxc5 Nxa2 62. Kxb5 Nc1 63. Ka4 Kg5 64. Nd1 1/2-1/2